 Dungeon Crawl Stone Soup version 0.19.1-1-g22dce08 (webtiles) character file.

143 kae the Shield-Bearer (level 5, -1/42 HPs)
             Began as a Formicid Fighter on Jan 2, 2017.
             Was an Initiate of Okawaru.
             Killed by nerve-wracking pain
             ... invoked by Grinder
              (8 damage)
             ... on level 3 of the Dungeon.
             The game lasted 00:03:05 (2337 turns).

kae the Shield-Bearer (Formicid Fighter)            Turns: 2337, Time: 00:03:06

Health: -1/42      AC:  7    Str: 24    XL:     5   Next: 50%
Magic:  5/5        EV:  8    Int:  7    God:    Okawaru [......]
Gold:   116        SH: 10    Dex: 10    Spells: 0 memorised, 4 levels left

rFire  . . .     SeeInvis +     a - +1 flail
rCold  . . .     Gourm    +     b - +0 scale mail
rNeg   . . .     Faith    .     c - +0 shield
rPois  .         Spirit   .     (helmet unavailable)
rElec  .         Reflect  .     (no cloak)
rCorr  .         Harm     .     (no gloves)
MR     .....                    (no boots)
Stlth  ..........               k - amulet of the gourmand
                                (no ring)
                                l - -3 ring of strength (curse)

@: mighty
A: permanent stasis, dig shafts and tunnels, four strong arms, antennae 3
a: Dig, Shaft Self, Renounce Religion


You were on level 3 of the Dungeon.
You worshipped Okawaru.
Okawaru was noncommittal.
You were very full.

You visited 1 branch of the dungeon, and saw 3 of its levels.

You collected 116 gold pieces.

Inventory:

Hand Weapons
 a - a +1 flail (weapon)
Armour
 b - a +0 scale mail (worn)
 c - a +0 shield (worn)
Jewellery
 k - an amulet of the gourmand (around neck)
 l - a cursed -3 ring of strength (left hand)
Wands
 q - a wand of disintegration (24/24)
Scrolls
 e - a scroll of amnesia
 g - a scroll of recharging
Potions
 h - a potion of cancellation {unknown}
 j - 2 potions of heal wounds {unknown}
 m - 2 potions of cure mutation
 p - a potion of berserk rage {unknown}
 r - a potion of curing {unknown}
 s - 2 potions of agility {unknown}
Comestibles
 f - 5 bread rations
 i - a slice of pizza
 n - 2 beef jerkies


   Skills:
 + Level 4.0 Fighting
 * Level 3.6 Maces & Flails
 + Level 4.1 Armour
 + Level 4.4 Shields


You had 4 spell levels left.
You didn't know any spells.

Dungeon Overview and Level Annotations

Branches:
Dungeon (3/15)

Altars:
Makhleb
Okawaru
Xom

Annotations:
D:3 Grinder


Innate Abilities, Weirdness & Mutations

You are under a permanent stasis effect.
You can dig through walls and to a lower floor.
Your four strong arms can wield two-handed weapons with a shield.
You have a pair of large antennae on your head. (SInv)


Message History

You are too injured to fight recklessly!
You are too injured to fight recklessly!
You hit Grinder.
Grinder is moderately wounded.
Grinder gestures at you.
You struggle to resist.
You feel very mighty all of a sudden. Grinder hits you.
You writhe in agony.
You sock Grinder!
Grinder is severely wounded.
Grinder hits you!
* * * LOW HITPOINT WARNING * * *
You writhe in agony.
* * * LOW HITPOINT WARNING * * *
You hit Grinder.
Grinder is severely wounded.
Grinder hits you but does no damage. Grinder gestures at you.
Pain shoots through your body!
You die...

.###.### ........ ..
.. .##...### ###. ..#
.{...... .. ...
####... {##...##
..##..##.......
........
...............
...#.##
..........##...
#..#.#
.(......5l....#
#..#.###....$...@...#
..........####...#..#
.....###.# #.#.#..#.#
.#...# #.#....#.#
.....# #
##...#.###########
...#.#
#.........##.....
.#.#.##
#..#.........###.
........
#..#.........# #.
........
#######..#.........#
#.


You could see Grinder and a frilled lizard.

Vanquished Creatures
  An orc wizard (D:3)
  5 adders
  2 worms
  A dart slug (D:1)
  A leopard gecko (D:2)
  8 orcs (D:3)
  10 bats
  3 giant cockroaches
  6 hobgoblins
  7 kobolds
  2 quokkas (D:2)
  5 frilled lizards
  5 goblins
  4 rats
60 creatures vanquished.

Notes
Turn   | Place    | Note
-------+----------+-------------------------------------------
     0 | D:1      | kae the Formicid Fighter began the quest for the Orb.
     0 | D:1      | Reached XP level 1. HP: 18/18 MP: 1/1
    54 | D:1      | Reached XP level 2. HP: 19/24 MP: 2/2
   306 | D:1      | Reached XP level 3. HP: 25/29 MP: 3/3
   685 | D:2      | Reached XP level 4. HP: 37/37 MP: 4/4
   688 | D:2      | Found a shimmering altar of Xom.
   716 | D:2      | Found a burning altar of Makhleb.
  1052 | D:2      | Found an iron altar of Okawaru.
  1248 | D:2      | Became a worshipper of Warmaster Okawaru
  1740 | D:3      | Reached XP level 5. HP: 7/42 MP: 5/5
  2326 | D:3      | Noticed Grinder
  2337 | D:3      | Killed from afar by Grinder

Skill      XL: |  1  2  3  4  5 |
---------------+----------------+-----
Maces & Flails | 3 |  3.6
Shields        | 4 |  4.4
Armour         | 4 |  4.1
Fighting       | 4 |  4.0

Action                   |  1- 3 |  4- 6 || total
-------------------------+-------+-------++-------
Melee: Flail             |    97 |   155 ||   252
  Use: Scroll            |       |     6 ||     6
       Potion            |       |     1 ||     1
  Eat: Chunk             |       |    13 ||    13
Armor: Scale mail        |    39 |    91 ||   130
Dodge: Dodged            |    34 |    38 ||    72
Block: Shield            |    49 |    92 ||   141
